 Dungeon Crawl Stone Soup version 0.30-a0-142-g7370640ec8 (webtiles) character file.

Game seed: 1856797880239886839

67 qw the Chopper (level 4, -2/28 HPs)
             Began as a Gargoyle Fighter on Sept 26, 2022.
             Slain by a shadow imp (4 damage)
             ... summoned by Natasha
             ... on level 2 of the Dungeon.
             The game lasted 00:00:39 (2124 turns).

qw the Chopper (Gargoyle Fighter)                   Turns: 2124, Time: 00:00:39

Health: -2/28      AC: 10    Str: 22    XL:     4   Next: 16%
Magic:  4/4        EV:  9    Int:  8    God:
Gold:   79         SH:  4    Dex:  9    Spells: 3/3 levels left

rFire   . . .      SeeInvis .    Y - +0 war axe
rCold   . . .      Faith    .    c - +0 buckler
rNeg    + . .      Spirit   .    b - +0 scale mail
rPois   inf        Reflect  .    (no helmet)
rElec   +          Harm     .    (no cloak)
rCorr   .          Rampage  .    (no gloves)
Will    +....                    (no boots)
Stlth   ..........               (no amulet)
HPRegen 0.09/turn                i - ring of willpower
MPRegen 0.09/turn                (no ring)

@: no status effects
A: sickness immunity, AC +3, negative energy resistance 1, electricity
resistance, torment resistance 1, petrification resistance
a: no special abilities


You were on level 2 of the Dungeon.
You visited 1 branch of the dungeon, and saw 2 of its levels.

You collected 79 gold pieces.


Innate Abilities, Weirdness & Mutations

You are immune to sickness and miasma.
Your stone body is resilient. (AC +3)
You are immune to poison.
You resist negative energy. (rN+)
You are resistant to electric shocks. (rElec)
You are resistant to unholy torment.
You are immune to petrification.


   Skills:
 - Level 3.2 Fighting
 + Level 3.9 Axes
 - Level 3.2 Armour
 - Level 3.2 Shields


You had 3 spell levels left.
You didn't know any spells.
Your spell library was empty.

Inventory:

Hand Weapons
 f - a +0 whip
 Y - a +0 war axe (weapon)
Armour
 b - a +0 scale mail (worn)
 c - a +0 buckler (worn)
 g - a +0 helmet
Jewellery
 e - a +4 ring of evasion
 i - a ring of willpower (left hand)
Scrolls
 a - a scroll of silence {unknown}
 k - a scroll of teleportation {unknown}
 m - a scroll of identify {unknown}
Potions
 d - a potion of might
 h - a potion of degeneration {unknown}
 j - a potion of berserk rage {unknown}
 l - a potion of lignification {unknown}
 n - a potion of haste {unknown}

Dungeon Overview and Level Annotations

Branches:
Dungeon (2/15)

Altars:

Annotations:
D:2 Natasha


Message History

The white imp gestures at you.
The puff of frost hits you but does no damage.
Natasha drinks a potion.
Natasha flickers and vanishes!
Deactivating autopickup; reactivate with Ctrl-A.
The white imp gestures at you.
The puff of frost hits you but does no damage.
You slash the white imp!
The white imp is severely wounded.
You barely miss something. Something claws you.
The white imp barely misses you.
You closely miss the white imp.
The white imp is severely wounded.
You barely miss something. Something claws you.
The white imp hits you but does no damage.
Something claws you.
You hit the white imp.
You kill the white imp!
The white imp disappears in a puff of smoke!
You hit something. Something claws you but does no damage.
You closely miss something. Something completely misses you.
You completely miss something.
You hear some strange, mumbled words.
Something claws you!
The shadow imp hits you but does no damage.
Something claws you but does no damage.
You closely miss the shadow imp. You barely miss something.
The shadow imp barely misses you.
You hear some strange, mumbled words.
A magic dart appears from out of thin air!
The magic dart hits you.
You barely miss the shadow imp. You hit something but do no damage.
The shadow imp closely misses you. Something completely misses you.
You hit the shadow imp.
The shadow imp is heavily wounded.
You closely miss something. Something claws you. The shadow imp hits you.
You die...

.# ## ###)).....#
.#####.# #####...#####.#
...#...#
##.....#######.#
##.....# #..##### ...
..# ###...######.## #.#
###
.............######..#
..#............#....#
..##.#########...{..###
)........ ###@.....#
.)#..####.......5...#...
###..### #######........
###)...# ########.
....##...####
##...###....# #....# #.#
#....#####.# #.#
#.......##.# #.#


You could see a shadow imp (summoned).

Vanquished Creatures
  Robin (D:2)
  An adder (D:2)
  A worm (D:2)
  A dart slug (D:2)
  2 endoplasms (D:1)
  A giant cockroach (D:1)
  11 goblins
  4 hobgoblins (D:2)
  A quokka (D:1)
  6 ball pythons
  2 bats
  3 kobolds
  4 rats
38 creatures vanquished.

Notes
Turn   | Place    | Note
-------+----------+-------------------------------------------
     0 | D:1      | qw the Gargoyle Fighter began the quest for the Orb.
     0 | D:1      | Reached XP level 1. HP: 14/14 MP: 1/1
     0 | D:1      | 0 ||| qw: Version: 0.2-a-10-g399e6c4
     0 | D:1      | 0 ||| qw: Game counter: 448
     0 | D:1      | 0 ||| qw: Always use a shield: true
     0 | D:1      | 0 ||| qw: God list: Okawaru
     0 | D:1      | 0 ||| qw: Allow faded altars: false
     0 | D:1      | 0 ||| qw: Do Orc after D:15 true
     0 | D:1      | 0 ||| qw: Do second Lair branch before Depths: true
     0 | D:1      | 0 ||| qw: Lair rune preference: random
     0 | D:1      | 0 ||| qw: Plans: Normal, Zot:1-4, God:TSO, Crypt, Tomb,
                  | Pan, Slime:5, Hells, Abyss, Orb
     0 | D:1      | 0 ||| PLANNING D:1-11
    27 | D:1      | 27 ||| Stepping ~*~*~tactically~*~*~ (stealth).
   201 | D:1      | Reached XP level 2. HP: 8/19 MP: 2/2
   554 | D:1      | 554 ||| Stepping ~*~*~tactically~*~*~ (stealth).
   560 | D:1      | 560 ||| Stepping ~*~*~tactically~*~*~ (stealth).
   561 | D:1      | 561 ||| Stepping ~*~*~tactically~*~*~ (stealth).
   626 | D:1      | 626 ||| Stepping ~*~*~tactically~*~*~ (stealth).
  1029 | D:1      | 1029 ||| UPGRADING to ring of willpower.
  1030 | D:1      | 1030 ||| READING scroll labelled JILIANEURR.
  1031 | D:1      | 1031 ||| READING scroll labelled ZAJOSYD ROMNOLYLY.
  1118 | D:2      | Reached skill level 3 in Axes
  1118 | D:2      | Reached XP level 3. HP: 13/23 MP: 3/3
  1393 | D:2      | Identified the +9 short sword of Puyzubrots {pain, Int+3}
  1585 | D:2      | 1585 ||| Stepping ~*~*~tactically~*~*~ (stealth).
  1587 | D:2      | 1587 ||| Stepping ~*~*~tactically~*~*~ (stealth).
  1587 | D:2      | Noticed Robin
  1601 | D:2      | Killed Robin
  1605 | D:2      | Reached XP level 4. HP: 8/28 MP: 4/4
  2017 | D:2      | Found a faded altar of an unknown god.
  2111 | D:2      | Noticed Natasha
  2112 | D:2      | 2112 ||| Stepping ~*~*~tactically~*~*~ (hiding).
  2122 | D:2      | HP: 7/28 [something/magic dart (6)]
  2124 | D:2      | HP: 2/28 [something (5)]
  2124 | D:2      | Slain by a shadow imp

Levels and vault maps discovered:
D:1:      dpeg_arrival_short_road, layout_loops_ring
D:2:      layout_rooms, ebering_ecumenical_altar_webs,
          kennysheep_generic_room_11, uniq_robin, uniq_natasha

Skill      XL: |  1  2 |
---------------+-------+-----
Axes           | 2 3 |  3.9
Fighting       | |  3.2
Armour         | |  3.2
Shields        | |  3.2

Action                   |  1- 3 |  4- 6 || total
-------------------------+-------+-------++-------
Melee: War axe           |   104 |    32 ||   136
  Use: Scroll            |     2 |       ||     2
Armor: Scale mail        |    66 |    20 ||    86
Dodge: Dodged            |    44 |    20 ||    64
Block: Buckler           |    29 |     4 ||    33

Table legend:
 A = Non-vault XP
 B = Vault XP
 C = Vault XP percentage of total XP
 D = Non-vault monster count
 E = Vault monster count
 F = Vault count percentage of total count
                 A         B        C        D         E       F
            +---------+---------+-------+---------+---------+-------
      Total |      58 |      38 |  39.6 |      25 |      13 |  34.2
            +---------+---------+-------+---------+---------+-------
        D:1 |      24 |       0 |   0.0 |      14 |       0 |   0.0
        D:2 |      34 |      38 |  52.8 |      11 |      13 |  54.2
            +---------+---------+-------+---------+---------+-------
